 Dungeon Crawl Stone Soup version 0.29-a0-43-g62a80824bf (webtiles) character file.

Game seed: 16723412079215249011

603 HallandMoats the Skirmisher (level 7, -6/49 HPs)
             Began as an Octopode Fighter on Feb 3, 2022.
             Was an Initiate of Gozag.
             Mangled by a gnoll (9 damage)
             ... on level 4 of the Dungeon.
             The game lasted 00:04:36 (3400 turns).

HallandMoats the Skirmisher (Octopode Fighter)      Turns: 3400, Time: 00:04:36

Health: -6/49      AC:  1    Str: 17    XL:     7   Next: 42%
Magic:  9/9        EV: 13    Int: 11    God:    Gozag
Gold:   87         SH:  4    Dex: 11    Spells: 9/9 levels left

rFire   . . .      SeeInvis .   a - +0 spear
rCold   . . .      Faith    .   b - +0 buckler
rNeg    . . .      Spirit   .   (helmet restricted)
rPois   .          Reflect  .   e - amulet of regeneration
rElec   .          Harm     .   (no ring)
rCorr   .          Rampage  .   (no ring)
Will    .....      Rage     1%  (no ring)
Stlth   +++.......              (no ring)
HPRegen 0.96/turn               (no ring)
MPRegen 0.11/turn               (no ring)
                                (no ring)
                                (no ring)

@: no status effects
A: almost no armour, amphibious, 8 rings, camouflage 1, gelatinous body 1,
(nimble swimmer 1), tentacles, berserk 1, screaming 1
a: Renounce Religion, Potion Petition, Call Merchant, Bribe Branch


You were on level 4 of the Dungeon.
You worshipped Gozag.
Gozag was noncommittal.
You visited 2 branches of the dungeon, and saw 6 of its levels.

You collected 189 gold pieces.
You paid 102 gold pieces to Gozag.

Inventory:

Hand Weapons
 a - a +0 spear (weapon)
Armour
 b - a +0 buckler (worn)
Jewellery
 e - an amulet of regeneration (around mantle)
Scrolls
 f - a scroll of holy word
 i - 3 scrolls of teleportation
 j - a scroll of enchant weapon
 m - a scroll of fear
 n - a scroll of silence
Potions
 c - 2 potions of might
 d - a potion of lignification {unknown}
 g - a potion of resistance {unknown}
 h - a potion of attraction {unknown}
 o - a potion of heal wounds {unknown}


   Skills:
 * Level 4.5 Fighting
 * Level 3.9 Polearms
 + Level 3.8 Dodging
 + Level 3.3 Stealth
 + Level 3.8 Shields
 + Level 1.8 Spellcasting
 * Level 3.3 Invocations


You had 9 spell levels left.
You didn't know any spells.
Your spell library contained the following spells:

 Spells                   Type           Power      Damage    Failure   Level
 Sublimation of Blood     Necr           1%         N/A       50%         2
 Wereblood                Tmut           1%         N/A       50%         2
 Summon Hydra             Summ           0%         N/A       100%        7


Dungeon Overview and Level Annotations

Branches:
Dungeon (5/15)             Temple (1/1) D:5

Altars:
Ashenzari
Cheibriados
Dithmenos
Elyvilon
Fedhas
Gozag
Hepliaklqana
Kikubaaqudgha
Makhleb
Nemelex Xobeh
Okawaru
Qazlal
Sif Muna
Uskayaw
Vehumet
Wu Jian
Xom
Yredelemnul
Zin

Annotations:
D:4 Menkaure
D:5 Dowan, Duvessa


Innate Abilities, Weirdness & Mutations

You cannot wear most types of armour.
You are amphibious.
You can wear up to eight rings at the same time.
Your skin changes colour to match your surroundings (Stealth+).
Your rubbery body absorbs attacks. (AC +1, EV +1)
((You are camouflaged when in or above water. (Stealth+)))
You have tentacles for arms and can constrict up to eight enemies at once.
You tend to lose your temper in combat.
You occasionally shout uncontrollably at your foes.


Message History

Level annotation: Dowan, Duvessa, Menkaure
There is a staircase to the Ecumenical Temple here.
No target in view!
No target in view!
No target in view!
You see here 15 bolts.
i - 3 scrolls of teleportation (gained 1) Menkaure is nearby!
Menkaure is nearby!
Menkaure is nearby!
Menkaure is nearby!
Menkaure mumbles some strange words.
Menkaure seems to speed up.
You hear a shout!
The gnoll shouts!
You hear a shout! x3
You reach to attack!
You hit Menkaure but do no damage. Menkaure casts a spell at you.
Pain shoots through your body!
There is a stone staircase leading down here.
The gnoll hits you with a +0 spear. Menkaure hits you!!
The gnoll hits you with a +0 club!
There is a stone staircase leading up, spattered with blood here.
You block the gnoll's attack. Menkaure closely misses you.
You block the gnoll's attack.
You climb upwards.
There is a stone staircase leading down here.
You block the gnoll's attack.
You see here a +0 club.
You closely miss the gnoll. You grab the gnoll. You constrict the gnoll.
Menkaure hits you!!
* * * LOW HITPOINT WARNING * * *
You block the gnoll's attack. The gnoll closely misses you.
You release your grip on the gnoll.
You block Menkaure's attack.
The gnoll hits you from afar with a +0 spear.
* * * LOW HITPOINT WARNING * * *
Menkaure misses you.
You open the door.
The gnoll hits you from afar with a +0 spear!
You die...
Your body crumbles into a pile of gold.

#.##.##..............###.###.#
#.##.######.#.>.###### #.....#
#.##.# #......# ###.###
#.##.######.#...## #.#
#.##........##.## #.#
#.....########.# ##.# #####.# #.#
##..# #.# ##'## ##.#.## #.#
##.@.## ###.###.### ##.#
##.Mg..## #..## ##..# ##..#
##..>g...###.#.###.#.#
#####...####....<....##.#..#.##.#
...........+.........'.......##.#
#####...####.........##.#....##.#
#........#.......###.........#
#.##...#.##.....## ######.####
#.####.#.###...## #.#


You could see Menkaure (fast) and 2 gnolls.

Vanquished Creatures
  Grinder (D:3)
  A necrophage (D:4)
  An ogre (D:4)
  A crimson imp (D:4)
  A bullfrog skeleton (D:5)
  Jessica (D:3)
  An iguana (D:4)
  2 adders
  4 gnolls
  An ufetubus (D:4)
  3 dart slugs
  10 ball pythons
  7 endoplasms
  3 giant cockroaches
  7 goblins
  3 hobgoblins
  4 jackals (D:1)
  2 quokkas
  5 bats
  2 frilled lizards
  3 kobolds (D:1)
  3 rats
  A spectral kobold (D:3)
67 creatures vanquished.

Notes
Turn   | Place    | Note
-------+----------+-------------------------------------------
     0 | D:1      | HallandMoats the Octopode Fighter began the quest for the
                  | Orb.
     0 | D:1      | Reached XP level 1. HP: 16/16 MP: 1/1
    29 | D:1      | Reached XP level 2. HP: 20/21 MP: 2/2
   530 | D:1      | Reached skill level 1 in Invocations
   606 | D:1      | Reached XP level 3. HP: 26/26 MP: 3/3
   915 | D:1      | Reached skill level 1 in Stealth
  1243 | D:2      | Reached XP level 4. HP: 29/31 MP: 3/5
  1605 | D:3      | Gained mutation: You tend to lose your temper in combat.
                  | [potion of mutation]
  1605 | D:3      | Gained mutation: You occasionally shout uncontrollably at
                  | your foes. [potion of mutation]
  1648 | D:3      | Noticed Jessica
  1651 | D:3      | Killed Jessica
  1706 | D:3      | Found a shimmering altar of Xom.
  1706 | D:3      | Found a glowing silver altar of Zin.
  1706 | D:3      | Found an ornate altar of the Wu Jian Council.
  1794 | D:3      | Noticed Grinder
  1805 | D:3      | Paralysed by Grinder for 5 turns
  1813 | D:3      | Killed Grinder
  1814 | D:3      | Reached skill level 4 in Fighting
  1814 | D:3      | Reached skill level 1 in Spellcasting
  1814 | D:3      | Reached XP level 5. HP: 27/37 MP: 5/7
  1814 | D:3      | Reached XP level 6. HP: 31/43 MP: 5/8
  1908 | D:3      | Found a faded altar of an unknown god.
  1920 | D:3      | Prayed at the altar of an unknown god.
  1920 | D:3      | Became a worshipper of Elyvilon the Healer
  1920 | D:3      | Reached * piety under Elyvilon
  2392 | D:4      | Identified the +5 dagger of the Maze {vamp, rN+}
  2420 | D:4      | Reached ** piety under Elyvilon
  2461 | D:4      | Noticed a necrophage
  2468 | D:4      | Killed a necrophage
  2839 | D:4      | Reached XP level 7. HP: 48/48 MP: 9/9
  2852 | D:4      | Found a burning altar of Makhleb.
  2853 | D:4      | Found a radiant altar of Vehumet.
  3186 | D:5      | Entered Level 5 of the Dungeon
  3194 | D:5      | Noticed Menkaure
  3196 | D:5      | Noticed a two-headed ogre
  3207 | D:5      | Noticed Dowan
  3207 | D:5      | HP: 2/49 [orc priest/divine providence (13)]
  3210 | D:5      | Elyvilon protects you from harm!
  3211 | D:5      | Elyvilon protects you from harm!
  3212 | D:5      | Noticed Duvessa
  3212 | D:5      | Found a staircase to the Ecumenical Temple.
  3221 | Temple   | Entered the Ecumenical Temple
  3354 | Temple   | Fell from the grace of Elyvilon
  3354 | Temple   | Became a worshipper of Gozag Ym Sagoz the Greedy
  3399 | D:4      | HP: 2/49 [gnoll (4)]
  3400 | D:4      | Mangled by a gnoll

Illustrated notes

Levels and vault maps discovered:
D:1:      scummos_arrival_simple_fountains, layout_loops_ring
D:2:      layout_basic
D:3:      layout_basic, gammafunk_temple_overflow_forgotten,
          dreamdust_ecumenical_altar_drowned_temple, uniq_grinder, uniq_jessica
D:4:      layout_loops_corners, grunt_temple_overflow_lords_of_destruction
D:5:      layout_rooms, minmay_temple_entry_mist, uniq_menkaure, uniq_duvessa
Temple:   nicolae_temple_great_sept

Skill      XL: |  1  2  3  4  5  6 |
---------------+-------------------+-----
Invocations    | 1 2 3 |  3.3
Stealth        | 1 2 3 |  3.3
Fighting       | 4 |  4.5
Polearms       | 3 |  3.9
Spellcasting   | 1 |  1.8
Dodging        | |  3.8
Shields        | |  3.8

Action                   |  1- 3 |  4- 6 |  7- 9 || total
-------------------------+-------+-------+-------++-------
Melee: Spear             |    84 |    53 |    24 ||   161
       Constrict         |    18 |    14 |     2 ||    34
       Tentacles         |    15 |    11 |     5 ||    31
       Lajatang          |       |    10 |       ||    10
  Use: Scroll            |       |     3 |     4 ||     7
       Potion            |       |     1 |     1 ||     2
 Stab: Sleeping          |     8 |     9 |     2 ||    19
       Distracted        |       |     1 |       ||     1
Armor: Skin              |     4 |     1 |     1 ||     6
Dodge: Dodged            |    32 |    20 |    21 ||    73
Block: Buckler           |    11 |     8 |     9 ||    28

Table legend: (Time is in decaauts)
 A = Elapsed time spent in this place.
 B = Non-inter-level travel time spent in this place.
 C = Inter-level travel time spent in this place.
 D = Time resting spent in this place.
 E = Time spent auto-exploring this place.
 F = Levels seen in this place.
 G = Mean time per level.
                   A        B        C        D        E       F      G
               +--------+--------+--------+--------+--------+-----+--------+
         Total |   3400 |   3289 |    111 |     36 |   2698 |   6 |  566.7 |
       Dungeon |   3253 |   3150 |    103 |      0 |   2640 |   5 |  650.6 |
        Temple |    147 |    139 |      8 |     36 |     58 |   1 |  147.0 |
               +--------+--------+--------+--------+--------+-----+--------+

Top non-repeatable levels by time:
     D:1: 1082 daAuts
     D:4: 906 daAuts
     D:3: 683 daAuts
     D:2: 520 daAuts
  Temple: 147 daAuts
     D:5: 61 daAuts
